 Dungeon Crawl Stone Soup version 0.20.1-1-g8b1a95d (console) character file.

91 bli the Skirmisher (level 4, -1/38 HPs)
             Began as a Formicid Abyssal Knight on Aug 6, 2017.
             Was a Believer of Lugonu.
             Slain by a killer bee zombie (3 damage)
             ... on level 3 of the Dungeon.
             The game lasted 00:06:40 (2303 turns).

bli the Skirmisher (Formicid Abyssal Knight)        Turns: 2303, Time: 00:06:40

Health: -1/38      AC:  3    Str: 16    XL:     4   Next: 88%
Magic:  5/5        EV: 12    Int: 12    God:    Lugonu [**....]
Gold:   98         SH:  0    Dex: 11    Spells: 3/3 levels left

rFire    . . .     SeeInvis +   r - -1 hand axe (curse)
rCold    . . .     Gourm    .   (no shield)
rNeg     . . .     Faith    .   p - +0 robe (curse)
rPois    .         Spirit   .   (helmet unavailable)
rElec    .         Reflect  .   (no cloak)
rCorr    .         Harm     .   (no gloves)
MR       .....                  k - +0 pair of boots
Stlth    ..........             (no amulet)
Regen    0.2/turn               u - ring of loudness (curse)
MPRegen  0.1/turn               (no ring)

@: no status effects
A: permanent stasis, dig shafts and tunnels, four strong arms, antennae 3
a: Dig, Shaft Self, Depart the Abyss, Bend Space, Renounce Religion


You were on level 3 of the Dungeon.
You worshipped Lugonu.
Lugonu was pleased with you.
You were hungry.

You visited 1 branch of the dungeon, and saw 3 of its levels.
You visited the Abyss 1 time.

You collected 98 gold pieces.

Inventory:

Hand Weapons
 a - a +1 falchion
 e - a +1 spear of piercing
 r - a cursed -1 hand axe (weapon)
 t - a +0 long sword
 y - a +2 dagger of holy wrath
Armour
 b - a +0 leather armour
 k - a +0 pair of boots (worn)
 p - a cursed +0 robe (worn)
 v - a +0 ring mail
Jewellery
 u - a cursed ring of loudness (left hand)
Scrolls
 d - 3 scrolls of identify {unknown}
 f - a scroll of amnesia {unknown}
 g - 3 scrolls of teleportation {unknown}
 j - a scroll of immolation {unknown}
 n - a scroll of remove curse {unknown}
Potions
 h - a potion of haste {unknown}
 i - 4 potions of might {unknown}
 l - 3 potions of curing {unknown}
 m - a potion of berserk rage {unknown}
 o - 2 potions of cancellation {unknown}
 x - a potion of magic {unknown}
Comestibles
 c - 3 bread rations
 q - a meat ration
 w - 2 royal jellies


   Skills:
 * Level 4.7 Fighting
 + Level 2.2 Long Blades
 + Level 1.2(1.4) Axes
 + Level 1.0(1.2) Polearms
 + Level 2.4 Armour
 + Level 1.1 Dodging
 + Level 0.6 Stealth
 + Level 2.3 Invocations


You had 3 spell levels left.
You didn't know any spells.

Dungeon Overview and Level Annotations

Branches:
Dungeon (3/15)

Altars:

Annotations:
D:2 Sigmund


Innate Abilities, Weirdness & Mutations

You cannot be hasted, slowed, berserked, paralysed or teleported.
You can dig through walls and to a lower floor.
Your four strong arms can wield two-handed weapons with a shield.
You have a pair of large antennae on your head. (SInv)


Message History

You barely miss the killer bee zombie.
The killer bee zombie barely misses you.
The killer bee zombie hits you.
You can't unwield your weapon to draw a new one!
You slash the killer bee zombie!
The killer bee zombie is moderately damaged.
The killer bee zombie hits you. x2
* * * LOW HITPOINT WARNING * * *
You completely miss the killer bee zombie.
The killer bee zombie is moderately damaged.
The killer bee zombie hits you.
* * * LOW HITPOINT WARNING * * *
The killer bee zombie hits you but does no damage.
You hit the killer bee zombie but do no damage.
The killer bee zombie is moderately damaged.
The killer bee zombie hits you.
* * * LOW HITPOINT WARNING * * *
The killer bee zombie closely misses you.
The killer bee zombie hits you.
You die...

# ##. ..##### #
.....# #. +...+
#..#...# #..#.#@#
#.....#Z......
#.##..#⌠.##+## #..
##.####...# .....#
#....#...# ...#..#
##.......#..# #..#
##...#####.####..#
##...)............##
............#...
..... #.###.......##
#..#
##.#....########..#


You could see a killer bee zombie.

Vanquished Creatures
  A worker ant zombie (D:3)
  2 adders (D:3)
  A worm (D:1)
  4 dart slugs
  3 leopard geckos
  An orc (D:3)
  5 bats
  5 giant cockroaches
  4 goblins
  3 hobgoblins
  2 jackals (D:1)
  A quokka (D:3)
  A ball python (D:3)
  4 frilled lizards (D:1)
  4 kobolds
  5 rats (D:1)
46 creatures vanquished.

Notes
Turn   | Place    | Note
-------+----------+-------------------------------------------
     0 | Abyss:1  | bli the Formicid Abyssal Knight began the quest for the Orb.
     0 | Abyss:1  | Reached XP level 1. HP: 18/18 MP: 2/2
    62 | Abyss:1  | Noticed an orange demon
    68 | Abyss:1  | Noticed a thrashing horror
    70 | D:1      | Escaped the Abyss
   126 | D:1      | Reached skill level 1 in Dodging
   126 | D:1      | Reached XP level 2. HP: 17/25 MP: 3/3
   127 | D:1      | Reached * piety under Lugonu
   346 | D:1      | Reached skill level 4 in Fighting
   710 | D:1      | Reached XP level 3. HP: 30/30 MP: 4/4
   993 | D:2      | Noticed Sigmund
  1575 | D:2      | Reached XP level 4. HP: 37/38 MP: 5/5
  1738 | D:3      | Reached skill level 1 in Polearms
  1809 | D:3      | Reached skill level 1 in Axes
  1824 | D:3      | Reached ** piety under Lugonu
  2303 | D:3      | Slain by a killer bee zombie

Skill      XL: |  1  2  3  4 |
---------------+-------------+-----
Dodging        | 1 |  1.1
Fighting       | 4 |  4.7
Polearms       | 1 |  1.0
Axes           | 1 |  1.2
Long Blades    | |  2.2
Armour         | |  2.4
Stealth        | |  0.6
Invocations    | |  2.3

Action                   |  1- 3 |  4- 6 || total
-------------------------+-------+-------++-------
Melee: Spear             |    84 |       ||    84
       Hand axe          |    24 |    74 ||    98
Invok: Depart the Abyss  |     1 |       ||     1
 Stab: Sleeping          |     1 |       ||     1
  Eat: Chunk             |     2 |     2 ||     4
Armor: Leather armour    |     7 |       ||     7
       Robe              |    15 |    12 ||    27
Dodge: Dodged            |    51 |    62 ||   113
